 Dungeon Crawl Stone Soup version 0.31-a0-986-g5e6e4ef867 (webtiles) character file.

Game seed: 11748615972233987037

140 wildpjah the Chiller (level 5, 0/40 HPs)
             Began as a Draconian Ice Elementalist on Nov 22, 2023.
             Slain by a hound (1 damage)
             ... on level 4 of the Dungeon.
             The game lasted 00:05:26 (2955 turns).

wildpjah the Chiller (Draconian Ice Elementalist)   Turns: 2955, Time: 00:05:27

Health: 0/40       AC:  5    Str: 10    XL:     5   Next: 2%
Magic:  0/9        EV: 12    Int: 15    God:
Gold:   91         SH:  0    Dex: 14    Spells: 6/10 levels left

rFire   . . .        p - +1 whip (venom)
rCold   . . .        (no shield)
rNeg    . . .        (body armour unavailable)
rPois   .            (helmet restricted)
rElec   .            (no cloak)
rCorr   .            (no gloves)
SInv    .            (no boots)
Will    .....        (no amulet)
Stlth   ++           (no ring)
HPRegen 0.26/turn    (no ring)
MPRegen 0.11/turn

%: no passive effects
@: no status effects
A: AC +5, unfitting armour, cold-blooded
a: no special abilities


You were on level 4 of the Dungeon.
You visited 1 branch of the dungeon, and saw 4 of its levels.

You collected 91 gold pieces.

Inventory:

Hand Weapons
 c - a +0 dagger
 h - a +0 short sword
 p - a +1 whip of venom (weapon)
Wands
 n - a wand of iceblast (5)
Scrolls
 b - 2 scrolls of immolation {unknown}
 d - a scroll of teleportation {unknown}
 f - a scroll of silence {unknown}
 i - a scroll of poison {unknown}
 j - a scroll of identify {unknown}
 o - a scroll of enchant weapon {unknown}
 q - a scroll of fog {unknown}
 r - 2 scrolls of blinking {unknown}
Potions
 a - 2 potions of magic
 e - a potion of might {unknown}
 g - a potion of invisibility {unknown}
 k - a potion of heal wounds {unknown}
 l - 2 potions of degeneration {unknown}
 m - a potion of cancellation {unknown}


   Skills:
 * Level 1.0 Fighting
 + Level 0.5 Maces & Flails
 + Level 2.1 Dodging
 + Level 1.9 Stealth
 + Level 0.2 Unarmed Combat
 + Level 3.2 Spellcasting
 + Level 5.1 Ice Magic


You had 6 spell levels left.
You knew the following spells:

 Your Spells              Type           Power      Damage    Failure   Level
a - Freeze                Ice            68%        1d8       2%          1
b - Frozen Ramparts       Ice            34%        1d6       7%          3

Your spell library contained the following spells:

 Spells                   Type           Power      Damage    Failure   Level
 Ozocubu's Armour         Ice            17%        N/A       7%          3
 Summon Ice Beast         Ice/Summ       10%        N/A       56%         4


Dungeon Overview and Level Annotations

Branches:
Dungeon (4/15)
 Temple: D:4-7

Altars:
Elyvilon
Kikubaaqudgha
Vehumet
Wu Jian
Yredelemnul

Shops:
D:1 ==!


Innate Abilities, Weirdness & Mutations

Your plain brown scales are hard. (AC +5)
You cannot fit into any form of body armour.
You are cold-blooded and may be slowed by cold attacks.


Message History

The hound closely misses you.
The orc wizard hits you with a +0 dagger.
* * * LOW HITPOINT WARNING * * *
The hound barely misses you.
You barely miss the orc wizard.
Your tail-slap misses the orc wizard.
The orc wizard is almost dead.
The hound closely misses you. The orc wizard barely misses you.
Unknown command.
You completely miss the orc wizard.
The orc wizard is almost dead.
The hound closely misses you. The orc wizard barely misses you.
The hound bites you but does no damage.
You hit the orc wizard but do no damage.
The orc wizard looks as sick as possible!
The orc wizard is almost dead.
You kill the orc wizard!
The hound barely misses you. The hound bites you.
* * * LOW HITPOINT WARNING * * *
Your Fighting skill increases to level 1!
You have reached level 5!
Aiming: Freeze (safe; 2% risk of failure)
Press: ? - help, Q - select action, (/) - cycle Shift-Dir - straight line, f - hound
Aim: a hound (moderately wounded)
You freeze the hound.
The hound is heavily wounded.
The hound bites you but does no damage.
Aiming: Freeze (safe; 2% risk of failure)
Press: ? - help, Q - select action, (/) - cycle Shift-Dir - straight line, f/p - hound
Aim: a hound (heavily wounded)
You freeze the hound.
The hound is severely wounded.
The hound barely misses you. The hound bites you.
* * * LOW HITPOINT WARNING * * *
Aiming: Freeze (safe; 2% risk of failure)
Press: ? - help, Q - select action, (/) - cycle Shift-Dir - straight line, f/p - hound
Aim: a hound (severely wounded)
You freeze the hound.
The hound is almost dead.
The hound bites you.
You die...

#......##.....
##.............
................##..
...................#
#..........#......#
##.........##......#
......))...........
......h@).........## ###
..............#....###.#
##............##...#..>.
.....#$##...............
>.....# ##..............
...... #...........#<†
##.... .............##..
###.........#......)...
.......#....#.)†..


You could see a hound.

Vanquished Creatures
  An orc wizard (D:4)
  5 adders
  A worm (D:3)
  2 dart slugs
  4 orcs
  An endoplasm (D:1)
  A giant cockroach (D:3)
  10 goblins
  7 hobgoblins
  4 quokkas
  4 ball pythons
  5 bats
  5 frilled lizards
  7 kobolds
  2 rats
59 creatures vanquished.

Notes
Turn   | Place    | Note
-------+----------+-------------------------------------------
     0 | D:1      | wildpjah the Draconian Ice Elementalist began the quest for
                  | the Orb.
     0 | D:1      | Reached XP level 1. HP: 14/14 MP: 3/3
   222 | D:1      | Found Syqemos's Distillery.
   230 | D:1      | Reached XP level 2. HP: 20/20 MP: 1/5
   353 | D:1      | Found Myifugyd's Jewellery Emporium.
   371 | D:1      | Found Cucu's Jewellery Emporium.
  1180 | D:2      | Reached XP level 3. HP: 26/26 MP: 4/6
  1544 | D:2      | Learned a level 3 spell: Frozen Ramparts
  2078 | D:3      | Reached skill level 5 in Ice Magic
  2091 | D:3      | Found a radiant altar of Vehumet.
  2206 | D:3      | Reached XP level 4. HP: 32/33 MP: 6/8
  2410 | D:3      | Found an ancient bone altar of Kikubaaqudgha.
  2413 | D:3      | Found a basalt altar of Yredelemnul.
  2416 | D:3      | Found a white marble altar of Elyvilon.
  2419 | D:3      | Found an ornate altar of the Wu Jian Council.
  2953 | D:4      | Reached skill level 1 in Fighting
  2953 | D:4      | Reached XP level 5. HP: 2/40 MP: 3/9
  2954 | D:4      | HP: 1/40 [hound (2)]
  2955 | D:4      | Slain by a hound

Illustrated notes

Levels and vault maps discovered:
D:1:      spicycebolla_arrival_xxxplode, layout_basic, serial_shops,
          nicolae_shop_behind_doors, nicolae_shop_gaudy_bauble,
          nicolae_shop_tiny_real_fake_doors
D:2:      layout_basic, st_stairs_6
D:3:      layout_basic, grunt_temple_overflow_cloverleaf, vehumet_crystals
D:4:      layout_cave_pools, gammafunk_ghost_icy, nicolae_specific_store

Skill      XL: |  1  2  3  4 |
---------------+-------------+-----
Dodging        | 2 |  2.1
Ice Magic      | 5 |  5.1
Spellcasting   | 3 |  3.2
Fighting       | 1 |  1.0
Maces & Flails | |  0.5
Stealth        | |  1.9
Unarmed Combat | |  0.2

Action                     |  1- 3 |  4- 6 || total
---------------------------+-------+-------++-------
  Melee: Unarmed           |     5 |       ||     5
         Dagger            |    31 |     1 ||    32
         Tailslap          |     1 |       ||     1
         Whip              |       |    22 ||    22
   Cast: Freeze            |    50 |    33 ||    83
   Stab: Sleeping          |     2 |       ||     2
 Armour: Skin              |    39 |    35 ||    74
  Dodge: Dodged            |    46 |    29 ||    75

Table legend: (Time is in decaauts)
 A = Elapsed time spent in this place.
 B = Non-inter-level travel time spent in this place.
 C = Inter-level travel time spent in this place.
 D = Time resting spent in this place.
 E = Time spent auto-exploring this place.
 F = Levels seen in this place.
 G = Mean time per level.
                   A        B        C        D        E       F      G
               +--------+--------+--------+--------+--------+-----+--------+
         Total |   2955 |   2843 |    112 |      0 |   2459 |   4 |  738.8 |
       Dungeon |   2955 |   2843 |    112 |      0 |   2459 |   4 |  738.8 |
               +--------+--------+--------+--------+--------+-----+--------+

Top non-repeatable levels by time:
     D:1: 1162 daAuts
     D:2: 842 daAuts
     D:3: 762 daAuts
     D:4: 187 daAuts
